 Dungeon Crawl Stone Soup version 0.29-a0-378-gc08b2e8bf8 (webtiles) character file.

Game seed: 13713345828567339403

3958 thiscave3701365 the Cleaver (level 10, -1/88 (89) HPs)
             Began as a Minotaur Berserker on May 4, 2022.
             Was a Priest of Trog.
             Slain by a yak (11 damage)
             ... on level 9 of the Dungeon.
             The game lasted 00:06:10 (12672 turns).

thiscave3701365 the Cleaver (Minotaur Berserker)   Turns: 12672, Time: 00:06:11

HP:   -1/88 (89)    AC: 14    Str: 26    XL:     10   Next: 2%
MP:   0/9           EV:  9    Int:  4    God:    Trog [***...]
Gold: 662           SH:  0    Dex: 10    Spells: 9/9 levels left

rFire   . . .      SeeInvis .   D - +0 war axe
rCold   . . .      Faith    .   (no shield)
rNeg    . . .      Spirit   +   z - +0 plate armour
rPois   .          Reflect  .   (helmet restricted)
rElec   .          Harm     .   (no cloak)
rCorr   .          Rampage  .   (no gloves)
Will    .....                   (no boots)
Stlth   ..........              w - amulet of guardian spirit
HPRegen 0.24/turn               (no ring)
MPRegen 0.11/turn               (no ring)

@: on berserk cooldown, slowed, lightly drained, very slow
A: horns 2, retaliatory headbutt
a: Renounce Religion, Berserk, Trog's Hand


You were on level 9 of the Dungeon.
You worshipped Trog.
Trog was most pleased with you.
You visited 1 branch of the dungeon, and saw 9 of its levels.
You also visited: Ossuary.

You collected 662 gold pieces.

Inventory:

Hand Weapons
 D - a +0 war axe (weapon)
Armour
 z - a +0 plate armour (worn)
Jewellery
 a - a +4 ring of evasion
 w - an amulet of guardian spirit (around neck)
Wands
 q - a wand of paralysis (9)
Scrolls
 c - 15 scrolls of identify {unknown}
 e - a scroll of torment {unknown}
 f - a scroll of brand weapon {unknown}
 h - a scroll of amnesia {unknown}
 j - 3 scrolls of magic mapping {unknown}
 k - 3 scrolls of immolation {unknown}
 l - 3 scrolls of enchant weapon {unknown}
 m - a scroll of poison {unknown}
 n - 4 scrolls of teleportation {unknown}
 o - a scroll of silence {unknown}
 p - 2 scrolls of acquirement {unknown}
 r - 2 scrolls of enchant armour {unknown}
 u - 2 scrolls of vulnerability {unknown}
 v - a scroll of summoning {unknown}
 x - a scroll of blinking {unknown}
 y - a scroll of noise {unknown}
Potions
 b - a potion of mutation {unknown}
 d - 2 potions of brilliance {unknown}
 g - 2 potions of curing {unknown}
 i - 2 potions of haste {unknown}
 s - 3 potions of attraction {unknown}
 t - a potion of flight {unknown}
 A - a potion of invisibility {unknown}
 B - a potion of resistance {unknown}
 C - 2 potions of might {unknown}
 E - 2 potions of ambrosia {unknown}


   Skills:
 + Level 8.3 Fighting
 + Level 11.3 Axes
 + Level 10.3 Armour
 + Level 4.2 Dodging
 + Level 2.1 Stealth


You had 9 spell levels left.
You didn't know any spells.
Your spell library was empty.

Dungeon Overview and Level Annotations

Branches:
Dungeon (9/15)             Temple (0/1) D:6         Ossuary (visited)
   Lair: D:8-11         Orc: D:9-12

Altars:
Ashenzari
Cheibriados
Dithmenos
Hepliaklqana
Makhleb
Ru
Sif Muna
Trog
Uskayaw
Vehumet
Wu Jian
Xom
The Shining One

Shops:
D:1 (   D:8 !

Annotations:
D:6 2 runed translucent doors


Innate Abilities, Weirdness & Mutations

You have a pair of horns on your head.
You reflexively headbutt those who attack you in melee.


Message History

You feel sick.
You feel a strong urge to attack something.
You are no longer berserk.
You are exhausted.
You feel yourself slow down.
You feel sick.
You feel sick.
You feel sick.
You are no longer poisoned. 2 yaks come into view.
The yak bellows!
You hear a bellow!
A yak comes into view.
The yak moves out of view.
A wight comes into view. It is wielding a +2 short sword.
Found a dented brass amulet.
You slash the wight!
The wight is heavily damaged.
You hit the yak. The yak gores you!
* * * LOW HITPOINT WARNING * * *
The wight barely misses you.
You closely miss the wight. Your headbutt misses the wight.
The wight is heavily damaged.
You slash the yak! The yak closely misses you. You furiously retaliate!
You headbutt the yak. The wight barely misses you. You furiously retaliate!
You headbutt the wight. The wight misses you. The yak gores you.
* * * LOW HITPOINT WARNING * * *
You hit the wight but do no damage.
The wight is severely damaged.
You closely miss the yak. You hit the yak. The yak gores you.
* * * LOW HITPOINT WARNING * * *
The yak barely misses you. The wight barely misses you.
You hit the wight but do no damage.
The wight is severely damaged.
You slash the yak! You hit the yak but do no damage. The yak barely misses you.
The yak gores you but does no damage.
The wight hits you but does no damage. x2
The yak gores you but does no damage. The yak gores you!
* * * LOW HITPOINT WARNING * * *
You hit the wight but do no damage. Your headbutt misses the wight.
The wight is severely damaged.
You barely miss the yak.
You completely miss the yak. x2; The yak gores you!
You die...

..... ###.#..# #.. ......
.......# #.#
......#######....#####.#####
............................
#.....................
#.....).....≈≈≈§≈§≈...
#....)......≈≈≈≈§§≈...
.##...YYY..........§§...
........@...........≈§...
#####....z....8888..§≈...
#............8..§§...
............_.8..§≈§..
................8.......
.......................<
.....########.###..#####
...". .# #.> #


You could see 3 yaks and a wight.

Vanquished Creatures
  Pikel (D:5)
  A manticore (D:9)
  A hornet (D:9)
  A shadow (D:5)
  Sigmund (D:5)
  Edmund (D:6)
  2 orc warriors
  An ice beast (D:8)
  2 black bears
  An ogre (D:4)
  A phantom (D:6)
  3 lemures (D:5)
  2 bullfrogs
  An elf zombie (Ossuary)
  A necrophage (D:7)
  9 wights
  A howler monkey (D:8)
  6 human zombies (Ossuary)
  5 centaur zombies (Ossuary)
  2 hounds
  An iron imp (D:5)
  3 orc priests (D:8)
  A jelly (D:7)
  7 iguanas
  5 orc wizards
  3 mummies (Ossuary)
  4 gnolls (D:5)
  6 adders
  A white imp (D:7)
  2 ufetubi
  3 worms
  4 dart slugs
  10 orcs
  5 endoplasms
  5 giant cockroaches
  10 goblins
  7 hobgoblins
  8 jackals
  7 kobolds
  5 quokkas
  4 ball pythons
  5 bats
  11 frilled lizards
  A goblin skeleton (D:5)
  A goblin zombie (D:5)
  A hobgoblin zombie (D:5)
  A kobold zombie (D:5)
  3 orc skeletons (D:5)
  An orc zombie (D:5)
  6 rats
174 creatures vanquished.

Vanquished Creatures (others)
  4 toadstools (D:1)
4 creatures vanquished.

Grand Total: 178 creatures vanquished

Notes
Turn   | Place    | Note
-------+----------+-------------------------------------------
     0 | D:1      | thiscave3701365 the Minotaur Berserker began the quest for
                  | the Orb.
     0 | D:1      | Reached XP level 1. HP: 19/19 MP: 0/0
   153 | D:1      | Reached skill level 4 in Axes
   153 | D:1      | Reached XP level 2. HP: 21/27 MP: 1/1
   240 | D:1      | Found Numotev's Antique Weapon Boutique.
   387 | D:1      | Found a faded altar of an unknown god.
   860 | D:2      | Reached XP level 3. HP: 30/33 MP: 2/2
   908 | D:2      | Reached ** piety under Trog
  1987 | D:2      | Reached XP level 4. HP: 40/40 MP: 3/3
  1990 | D:2      | Reached skill level 5 in Axes
  3054 | D:3      | Reached XP level 5. HP: 47/47 MP: 4/4
  3183 | D:4      | Reached *** piety under Trog
  3289 | D:4      | Noticed an ogre
  3295 | D:4      | Killed an ogre
  3296 | D:4      | Reached skill level 6 in Axes
  3296 | D:4      | Reached skill level 1 in Stealth
  3708 | D:4      | HP: 1/70 [iguana (10)]
  3710 | D:4      | Reached skill level 5 in Fighting
  4246 | D:4      | Reached XP level 6. HP: 53/56 MP: 5/5
  4277 | D:4      | Found a burning altar of Makhleb.
  4279 | D:4      | Noticed a cacodemon
  4561 | D:4      | Found a shadowy altar of Dithmenos.
  5003 | D:4      | Found a sacrificial altar of Ru.
  5137 | D:5      | Entered Level 5 of the Dungeon
  5186 | D:5      | Found a sand-covered staircase.
  5233 | Ossuary  | Entered an ossuary
  5779 | Ossuary  | Reached skill level 7 in Axes
  5780 | Ossuary  | Reached XP level 7. HP: 61/61 MP: 6/6
  6405 | D:5      | Found a snail-covered altar of Cheibriados.
  6421 | D:5      | Found a radiant altar of Vehumet.
  6425 | D:5      | Noticed a shadow
  6433 | D:5      | Killed a shadow
  6434 | D:5      | Reached skill level 8 in Axes
  6920 | D:5      | Found a broken altar of Ashenzari.
  6957 | D:5      | Found a glowing golden altar of the Shining One.
  6971 | D:5      | Reached XP level 8. HP: 71/71 MP: 7/7
  7160 | D:5      | Noticed Sigmund
  7197 | D:5      | Killed Sigmund
  7198 | D:5      | Reached skill level 5 in Armour
  7249 | D:5      | Found a bloodstained altar of Trog.
  7652 | D:5      | Noticed Pikel
  7661 | D:5      | Killed Pikel
  7662 | D:5      | Reached skill level 9 in Axes
  8198 | D:6      | Reached skill level 10 in Axes
  8383 | D:6      | Found a staircase to the Ecumenical Temple.
  8454 | D:6      | Reached XP level 9. HP: 74/74 MP: 8/8
  8820 | D:6      | Found a shimmering altar of Xom.
  8828 | D:6      | Noticed Edmund
  8838 | D:6      | Killed Edmund
  9058 | D:6      | Found a runed translucent door.
  9081 | D:6      | Found a runed translucent door.
  9349 | D:6      | Found a hide-covered altar of Uskayaw.
 11633 | D:8      | Found a hazy altar of Hepliaklqana.
 11656 | D:8      | Found an ornate altar of the Wu Jian Council.
 11828 | D:8      | Found Otaz's Distillery.
 12137 | D:8      | Reached skill level 11 in Axes
 12323 | D:7      | Identified the +2 ring mail "Geyfour" {-Tele rPois Dex+5
                  | SInv}
 12424 | D:9      | Noticed a manticore
 12433 | D:9      | Killed a manticore
 12445 | D:9      | Reached skill level 10 in Armour
 12628 | D:9      | Found a shimmering blue altar of Sif Muna.
 12646 | D:9      | Paralysed by a hornet for 1 turns
 12653 | D:9      | Reached XP level 10. HP: 48/89 MP: 3/9
 12672 | D:9      | Slain by a yak

Illustrated notes

Levels and vault maps discovered:
D:1:      ldierk_walled_garden_2, layout_rooms, basic_ecumenical_altar,
          serial_shops, shop, minmay_misc_feat_encased
D:2:      layout_loops_ring, minmay_misc_feat_plants, minmay_lizard_pond
D:3:      minmay_recursive_quarters, layout_basic
D:4:      layout_layer_cave, kennysheep_little_box,
          nicolae_dithmenos_through_a_glass_darkly, makhleb_altar_promises_db
D:5:      layout_loops_corners, mainiacjoe_overflow_alcove_1,
          mainiacjoe_overflow_small_starburst,
          mainiacjoe_overflow_surrounded_room, mainiacjoe_overflow_alcove_2,
          nicolae_tso_besieged_by_evil, nicolae_ossuary_entry_monument,
          serial_bayou_crossing, uniq_sigmund, uniq_pikel
D:6:      lemuel_insect_pit, layout_loops_corners, kennysheep_mini_moat,
          mainiacjoe_overflow_tiny_flanked,
          minmay_temple_entry_statues_fountains, nrook_pool_corridor,
          chequers_jeans, uniq_edmund
D:7:      layout_basic
D:8:      layout_basic, mainiacjoe_overflow_24_doors,
          nicolae_wu_jian_glorious_leap, serial_shops, shop_coins
D:9:      layout_basic, mainiacjoe_overflow_chevrons, enter_bailey_2,
          ebering_ghost_rock_garden

Skill      XL: |  1  2  3  4  5  6  7  8  9 |
---------------+----------------------------+-----
Axes           | 4 5 6 7 8 10 11 | 11.3
Fighting       | 4 5 6 7 8 |  8.3
Dodging        | 3 4 |  4.2
Stealth        | 1 2 |  2.1
Armour         | 4 7 10 | 10.3

Action                   |  1- 3 |  4- 6 |  7- 9 | 10-12 || total
-------------------------+-------+-------+-------+-------++-------
Melee: Hand axe          |    97 |   117 |   231 |       ||   445
       Headbutt          |    15 |    22 |    42 |       ||    79
       Punch             |       |       |     1 |       ||     1
       War axe           |       |       |    23 |     7 ||    30
Invok: Berserk           |     2 |     3 |    14 |       ||    19
 Stab: Sleeping          |     1 |       |       |       ||     1
Armor: Animal skin       |    14 |    20 |       |       ||    34
       Chain mail        |       |    27 |    67 |       ||    94
       Plate armour      |       |       |    50 |     4 ||    54
Dodge: Dodged            |    55 |    79 |    82 |     7 ||   223

Table legend: (Time is in decaauts)
 A = Elapsed time spent in this place.
 B = Non-inter-level travel time spent in this place.
 C = Inter-level travel time spent in this place.
 D = Time resting spent in this place.
 E = Time spent auto-exploring this place.
 F = Levels seen in this place.
 G = Mean time per level.
                   A        B        C        D        E       F      G
               +--------+--------+--------+--------+--------+-----+--------+
         Total |  12835 |  12336 |    499 |   3577 |   7712 |  10 | 1283.5 |
       Dungeon |  11693 |  11194 |    499 |   2563 |   7650 |   9 | 1299.2 |
       Ossuary |   1142 |   1142 |      0 |   1014 |     62 |   1 | 1142.0 |
               +--------+--------+--------+--------+--------+-----+--------+

Top non-repeatable levels by time:
     D:4: 2008 daAuts
     D:5: 1841 daAuts
     D:6: 1725 daAuts
     D:2: 1622 daAuts
     D:8: 1577 daAuts
 Ossuary: 1142 daAuts
     D:7: 1076 daAuts
     D:3: 935 daAuts
     D:1: 628 daAuts
     D:9: 276 daAuts
